 Dungeon Crawl Stone Soup version 0.31.0-1-g2c135a008e (webtiles) character file.

Game seed: 6607082627989196328

6 EnegeticOcto the Sneak (level 1, -4/22 HPs)
             Began as a Troll Delver on Jan 20, 2024.
             Slain by a sky beast (5 damage)
             ... on level 5 of the Dungeon.
             The game lasted 00:00:21 (37 turns).

EnegeticOcto the Sneak (Troll Delver)                 Turns: 37, Time: 00:00:21

Health: -4/22      AC:  4    Str: 19    XL:     1   Next: 75%
Magic:  0/0        EV:  9    Int:  6    God:
Gold:   0          SH:  0    Dex: 11    Spells: 0/0 levels left

rFire   . .          .
                       - Unarmed
rCold   . . .        (no shield)
rNeg    . . .        a - +0 robe
rPois   .            (helmet restricted)
rElec   .            (no cloak)
rCorr   .            (gloves unavailable)
SInv    .            (boots unavailable)
Will    .....        (no amulet)
Stlth   ++           (no ring)
HPRegen 1.03/turn    (no ring)
MPRegen 0.07/turn

%: no passive effects
@: hasted, very quick
A: large, unfitting armour, claws 3, regeneration 1, shaggy fur 1, tough skin 1
a: no special abilities


You were on level 5 of the Dungeon.
You visited 1 branch of the dungeon, and saw 1 of its levels.

Inventory:

Armour
 a - a +0 robe (worn)
Wands
 f - a wand of digging (3) {@v3}
Scrolls
 b - a scroll of fog {!r}
 c - a scroll of revelation {@r5 !r}
 d - a scroll of fear {!r}


   Skills:
 - Level 2.4 Fighting
 - Level 1.5 Dodging
 - Level 2.7 Stealth
 + Level 2.6 Unarmed Combat


You couldn't memorise any spells.
You didn't know any spells.
Your spell library was empty.

Dungeon Overview and Level Annotations

Branches:
Dungeon (5/15) Zot: 5964
 Temple: D:4-7

Altars:

Annotations:
D:5 Prince Ribbit


Innate Abilities, Weirdness & Mutations

You are too large for most types of armour.
You have claws for hands.
Your natural rate of healing is unusually fast.
You are covered in fur. (AC +1)
You have tough skin. (AC +1)


Message History

Welcome, EnegeticOcto the Troll Delver.
Will you prevail where others failed? Will you find the Orb of Zot?
Press ? for a list of commands and other information.
Found a stone staircase leading down. 2 orcs come into view.
An orc comes into view. It is wielding a +0 flail.
Found 2 boomerangs.
Found a trident.
The orc shouts! x3; You hear a shout!
An orc comes into view. It is wielding a +0 whip.
The orc shouts!
You barely miss the orc. You closely miss the orc.
You scratch the orc but do no damage. The orc hits you with a +0 hand axe.
A sky beast comes into view.
You scratch the orc but do no damage. The orc closely misses you.
You scratch the orc. Your claw misses the orc.
The orc is moderately wounded.
The orc hits you with a +0 hand axe.
You closely miss the orc.
The orc is moderately wounded.
The orc hits you with a +0 hand axe.
You scratch the orc.
The orc is severely wounded.
The orc misses you.
You completely miss the orc.
The orc is severely wounded.
The orc barely misses you.
You scratch the orc.
You kill the orc!
You closely miss the orc. The orc misses you.
You barely miss the orc. The orc closely misses you.
You claw the orc!
You kill the orc!
You closely miss the orc.
Prince Ribbit comes into view.
The orc barely misses you.
Prince Ribbit croaks.
You scratch the orc.
The orc is almost dead.
The orc barely misses you.
You claw the orc!
You kill the orc!
Really quaff
e - a potion of haste {@q4 !q}?
You feel yourself speed up.
The sky beast flickers out of sight!
Deactivating autopickup; reactivate with Ctrl-A.
Something hits you. Something shocks you.
You barely miss something. Something hits you. Something shocks you.
You closely miss something. You closely miss something. Something hits you.
Something shocks you.
* * * LOW HITPOINT WARNING * * *
You scratch something but do no damage.
A sky beast appears from thin air!
Reactivating autopickup.
The sky beast barely misses you.
You closely miss the sky beast. You claw the sky beast!
The sky beast is moderately wounded.
The sky beast hits you but does no damage.
Prince Ribbit blinks!
You barely miss the sky beast.
The sky beast is moderately wounded.
The sky beast hits you.
* * * LOW HITPOINT WARNING * * *
The sky beast shocks you.
You die...

..... .. ...) ##..
#(....... #..#.....
#o....... #...F....
#........ #####ยง#
#..@Yo# #.###.#
####.#...#
###........#
..#.##.#..##.# ##.
#.#.....# #..
##....#### .####..
#..#.......
.......###......####


You could see Prince Ribbit, a sky beast and an orc.

Vanquished Creatures
  3 orcs (D:5)
3 creatures vanquished.

Notes
Turn   | Place    | Note
-------+----------+-------------------------------------------
     0 | D:5      | EnegeticOcto the Troll Delver began the quest for the Orb.
     0 | D:5      | Reached XP level 1. HP: 22/22 MP: 0/0
    16 | D:5      | Noticed a sky beast
    27 | D:5      | Noticed Prince Ribbit
    37 | D:5      | HP: 1/22 [sky beast (4)]
    37 | D:5      | Slain by a sky beast

Illustrated notes

Levels and vault maps discovered:
D:5:      layout_basic, temple_hall, dreamdust_mushroom_princess,
          uniq_prince_ribbit1

Action                     || total
---------------------------++-------
  Melee: Unarmed           ||    22
    Use: Potion            ||     1
 Armour: Robe              ||     8
  Dodge: Dodged            ||     8

Table legend:
 A = Kills in this place as a percentage of kills in the entire game.
 B = Kills by you in this place as a percentage of kills by you in the entire game.
 C = Kills by friends in this place as a percentage of kills by friends in the entire game.
 D = Other kills in this place as a percentage of other kills in the entire game.
 E = Experience gained in this place as a percentage of experience gained in the entire game.
 F = Experience gained in this place divided by the number of levels of this place that you have seen.
                   A       B       C       D       E      F
               +-------+-------+-------+-------+-------+----------------------
         Total | 100.0 | 100.0 |   N/A |   N/A | 100.0 |   9.0
       Dungeon | 100.0 | 100.0 |   N/A |   N/A | 100.0 |   9.0
               +-------+-------+-------+-------+-------+----------------------
